[Event "Titled Tuesday Blitz August 1 Late 2023"]
[White "Arnold, Ken"]
[Black "Ponikarovsky, Alexey"]
[WhiteFideId "2056836"]
[BlackFideId "4122887"]
[WhiteElo "2436"]
[BlackElo "2666"]
[Result "0-1"]
[Round "3"]
[TimeControl "180+1"]
[Date "2023.08.01"]
[WhiteClock "0:00:13"]
[BlackClock "0:01:24"]
[Board "48"]

1. d4 d5 2. c4 e6 3. Nc3 Nf6 4. cxd5 Nxd5 5. e4 Nxc3 6. bxc3 c5 7. Be3 cxd4 8. cxd4 Bb4+ 9. Ke2 O-O 10. f3 b6 11. Rb1 Be7 12. Kf2 Bb7 13. Ne2 Nd7 14. Qb3 Rc8 15. Nc3 h6 16. Bb5 a6 17. Bxd7 Qxd7 18. Rbc1 b5 19. Rhd1 Rfd8 20. d5 exd5 21. Nxd5 Bxd5 22. Rxd5 Qe8 23. Rcd1 Rxd5 24. Qxd5 Rd8 25. Qb3 Rc8 26. Rd2 Rc4 27. Rc2 Qc6 28. Rxc4 bxc4 29. Qc2 Bh4+ 30. Ke2 Bf6 31. f4 Be7 32. Bd4 a5 33. Ke3 Bb4 34. Bc3 Bxc3 35. Qxc3 Qc5+ 36. Kf3 a4 37. a3 Qh5+ 38. Kf2 Qxh2 39. Qxc4 Qxf4+ 40. Ke2 Qg4+ 41. Kf2 Qd7 42. Ke3 Qa7+ 43. Kd3 h5 44. Qc8+ Kh7 45. Qf5+ g6 46. Qd5 Qc7 47. Qc4 Qg3+ 48. Kd4 Qf2+ 49. Ke5 Kg7 50. Qxa4 Qxg2 51. Qd4 h4 52. Kd5+ Kh7 53. a4 h3 54. Qf6 Qa2+ 55. Kc6 Qe6+ 56. Qxe6 fxe6 57. a5 h2 58. a6 h1=Q 59. a7 Qxe4+ 0-1


[Site "https://www.chess.com"]

[Event "Titled Tuesday Blitz August 1 Late 2023"]
[White "FuenfgegenWilly"]
[Black "Manukyan, Sargis A."]
[BlackFideId "13303970"]
[WhiteElo "2427"]
[BlackElo "2658"]
[Result "1-0"]
[Round "3"]
[TimeControl "180+1"]
[Date "2023.08.01"]
[WhiteClock "0:00:06"]
[BlackClock "0:00:06"]
[Board "49"]

1. e4 c5 2. Nc3 d6 3. f4 Nc6 4. Bb5 Bd7 5. Nf3 g6 6. Bxc6 Bxc6 7. d3 Bg7 8. O-O e6 9. f5 gxf5 10. exf5 Qd7 11. fxe6 fxe6 12. Ng5 Nh6 13. Qh5+ Kd8 14. Nf7+ Nxf7 15. Rxf7 Bd4+ 16. Kh1 Qe8 17. Bg5+ Kc8 18. Raf1 h6 19. Bh4 Rg8 20. Bg3 a6 21. Ne4 Bxe4 22. dxe4 Kb8 23. Bxd6+ Kc8 24. Rc7+ Kd8 25. Qxe8+ Kxe8 26. Re7+ Kd8 27. c3 Be3 28. Rff7 Bg5 29. Rxb7 Ke8 30. h3 Rd8 31. Bxc5 Rd1+ 32. Kh2 e5 33. Rf8+ Rxf8 34. Rb8+ Rd8 35. Rxd8+ Bxd8 36. Bxf8 Kxf8 37. Kg3 Kf7 38. Kg4 Kg6 39. c4 h5+ 40. Kf3 Kf7 41. g4 h4 42. Ke3 Ke6 43. b4 a5 44. a3 Kd6 45. Kd3 Kc6 46. Kc3 Be7 47. Kb3 Kb6 48. Ka4 Ka6 49. Kb3 Kb6 50. Ka4 axb4 51. axb4 Kc6 52. Ka5 Bd8+ 53. Ka6 Kd6 54. Kb7 Kd7 55. c5 Be7 56. c6+ Ke6 57. c7 Bxb4 58. c8=Q+ Kf6 59. Qf5+ Kg7 60. Qxe5+ Kg6 61. Qf5+ Kh6 62. g5+ Kh5 63. g6+ Kh6 64. Kc6 Be7 65. Kd5 Bf6 66. Ke6 Be7 67. Kf7 Bf6 68. Qf4+ Bg5 69. Qg4 Bf6 70. g7 Bxg7 71. Qg6# 1-0


[Site "https://www.chess.com"]

[Event "Titled Tuesday Blitz August 1 Late 2023"]
[White "Wieczorek, Oskar"]
[Black "Kula, Robert"]
[WhiteFideId "1133950"]
[BlackFideId "1101218"]
[WhiteElo "2653"]
[BlackElo "2247"]
[Result "0-1"]
[Round "3"]
[TimeControl "180+1"]
[Date "2023.08.01"]
[WhiteClock "0:00:00"]
[BlackClock "0:00:07"]
[Board "50"]

1. e4 c5 2. Nf3 Nc6 3. b4 cxb4 4. d4 d6 5. d5 Nb8 6. Qd4 Nf6 7. Qxb4 g6 8. Bb2 Bg7 9. Nbd2 O-O 10. Bd3 b6 11. O-O Na6 12. Qa3 Nc5 13. Rfe1 Qc7 14. Nb3 Bb7 15. Nxc5 Qxc5 16. Qxc5 bxc5 17. Rab1 Rab8 18. Nd2 Bc8 19. c4 Bd7 20. e5 Ng4 21. f4 dxe5 22. fxe5 Rxb2 23. Rxb2 Bxe5 24. Rb7 Bd4+ 25. Kf1 Nxh2+ 26. Ke2 Bg4+ 27. Nf3 Re8 28. Rh1 Nxf3 29. gxf3 Bh5 30. Rxa7 Be5 31. Rb1 e6 32. d6 Bxd6 33. Rbb7 g5 34. a4 g4 35. fxg4 Bxg4+ 36. Kd2 Bf4+ 37. Kc2 Bh5 38. a5 Rd8 39. Rd7 Rb8 40. a6 Be5 41. Rab7 Ra8 42. a7 Kg7 43. Be4 Bg6 44. Rbc7 Bxe4+ 45. Kb3 Bxc7 46. Rxc7 h5 47. Ka4 h4 0-1


[Site "https://www.chess.com"]

[Event "Titled Tuesday Blitz August 1 Late 2023"]
[White "Pranav, V"]
[Black "Reprintsev, Alexander"]
[WhiteFideId "25060783"]
[BlackFideId "14100541"]
[WhiteElo "3010"]
[BlackElo "2425"]
[Result "1-0"]
[Round "3"]
[TimeControl "180+1"]
[Date "2023.08.01"]
[WhiteClock "0:01:09"]
[BlackClock "0:00:40"]
[Board "51"]

1. e4 d5 2. exd5 Qxd5 3. Nc3 Qd6 4. Nf3 c6 5. d4 Bf5 6. g3 e6 7. Bg2 Nf6 8. O-O Nbd7 9. h3 h6 10. Bf4 Qb4 11. a3 Qa5 12. Re1 Be7 13. b4 Qd8 14. Ne5 Nxe5 15. Bxe5 O-O 16. Qe2 a5 17. b5 Bd6 18. bxc6 bxc6 19. Na4 Bxe5 20. dxe5 Nd5 21. c4 Nb6 22. Red1 Qc7 23. Nc5 Rfd8 24. g4 Bg6 25. h4 Nd7 26. Nxd7 Rxd7 27. h5 Bh7 28. c5 Rxd1+ 29. Rxd1 Qa7 30. Bxc6 Rc8 31. Qb5 Qc7 32. Qb7 Bc2 33. Qxc7 Rxc7 34. Rd8+ Kh7 35. Rd6 g6 36. f3 gxh5 37. gxh5 Kg7 38. Kf2 f6 39. Rd7+ Rxd7 40. Bxd7 fxe5 41. c6 Ba4 42. Be8 Bb5 43. c7 Ba6 44. Bd7 1-0


[Site "https://www.chess.com"]

[Event "Titled Tuesday Blitz August 1 Late 2023"]
[White "Jovic, Stanoje"]
[Black "Grischuk, Alexander"]
[WhiteFideId "905020"]
[BlackFideId "4126025"]
[WhiteElo "2498"]
[BlackElo "2995"]
[Result "0-1"]
[Round "3"]
[TimeControl "180+1"]
[Date "2023.08.01"]
[WhiteClock "0:00:00"]
[BlackClock "0:01:48"]
[Board "52"]

1. c4 e6 2. g3 d5 3. Bg2 d4 4. Nf3 Nc6 5. O-O Nh6 6. e4 f6 7. d3 Nf7 8. Ne1 h5 9. f4 h4 10. g4 h3 11. Bh1 g5 12. fxg5 fxg5 13. e5 Ncxe5 14. Nd2 Bg7 15. Ne4 Qe7 16. a4 Bd7 17. b3 Bc6 18. Ba3 Qd7 19. a5 b6 20. b4 Nd6 21. b5 Bxe4 22. Bxe4 Nxe4 23. dxe4 Nxc4 24. Qc1 Ne3 25. Nf3 e5 26. Kh1 Nxf1 27. Qxf1 Qxg4 28. Qe2 d3 29. Qf2 Qg2+ 30. Qxg2 hxg2+ 31. Kxg2 g4 32. Ng5 Rh6 33. Bb2 Rg6 34. Nh7 Kf7 0-1


[Site "https://www.chess.com"]

[Event "Titled Tuesday Blitz August 1 Late 2023"]
[White "Hansen, Eric"]
[Black "Michalczak, Thomas"]
[WhiteFideId "2606771"]
[BlackFideId "4622634"]
[WhiteElo "2846"]
[BlackElo "2497"]
[Result "1-0"]
[Round "3"]
[TimeControl "180+1"]
[Date "2023.08.01"]
[WhiteClock "0:01:57"]
[BlackClock "0:00:40"]
[Board "53"]

1. e4 e5 2. Nf3 Nc6 3. Bb5 a6 4. Ba4 Nf6 5. O-O Be7 6. Re1 b5 7. Bb3 O-O 8. h3 Bb7 9. d3 d6 10. a3 Na5 11. Ba2 c5 12. Nc3 h6 13. Bd2 Nc6 14. Ne2 Re8 15. Ng3 Bf8 16. Nh2 d5 17. Ng4 Nxg4 18. hxg4 c4 19. exd5 Qxd5 20. dxc4 bxc4 21. Be3 Nd4 22. f3 Rad8 23. c3 Nb3 24. Qxd5 Bxd5 25. Rad1 g6 26. Bb1 Bc5 27. Kf2 Kg7 28. Be4 Bxe4 29. Nxe4 Bxe3+ 30. Kxe3 Rxd1 31. Rxd1 f5 32. Rd7+ Kf8 33. gxf5 gxf5 34. Nd6 f4+ 35. Kf2 Rb8 36. Nxc4 Nc5 37. Rh7 Nd3+ 38. Ke2 Nxb2 39. Rh8+ Kg7 40. Rxb8 Nxc4 41. a4 1-0


[Site "https://www.chess.com"]

[Event "Titled Tuesday Blitz August 1 Late 2023"]
[White "Novik, Maxim"]
[Black "Rasulov, Vugar"]
[WhiteFideId "4102924"]
[BlackFideId "13402390"]
[WhiteElo "2496"]
[BlackElo "2832"]
[Result "1/2-1/2"]
[Round "3"]
[TimeControl "180+1"]
[Date "2023.08.01"]
[WhiteClock "0:00:16"]
[BlackClock "0:00:09"]
[Board "54"]

1. b3 g6 2. Bb2 Nf6 3. c4 Bg7 4. Nf3 O-O 5. g3 d6 6. d4 e5 7. dxe5 Nfd7 8. Bg2 dxe5 9. Nc3 e4 10. Nd2 e3 11. fxe3 Ne5 12. Nf3 Ng4 13. Qc1 Re8 14. Nd1 Bxb2 15. Qxb2 Nxe3 16. Nxe3 Rxe3 17. O-O Nc6 18. Rad1 Qe7 19. Rd2 Bf5 20. Nd4 Nxd4 21. Qxd4 c5 22. Qf4 Re8 23. g4 Bc8 24. Bd5 Rf8 25. Rf3 Rxf3 26. exf3 Kg7 27. Kf2 Re8 28. Be4 h6 29. Kg3 b6 30. h4 Bb7 31. Bxb7 Qxb7 32. g5 Qe7 33. gxh6+ Kh7 34. Kg2 Qe6 35. Kh2 Re7 36. Rg2 Qe5 37. Qxe5 Rxe5 38. Rd2 Re7 39. Kg3 Kxh6 40. Rd6 Kh5 41. Rf6 Rd7 42. a3 Re7 43. b4 cxb4 44. axb4 Rc7 45. Rf4 f5 46. Rd4 Kh6 47. Kf4 Kh5 48. Ke5 Re7+ 49. Kd6 Re3 50. c5 bxc5 51. bxc5 Rxf3 52. c6 Rc3 53. c7 g5 54. hxg5 Kxg5 55. Kd7 f4 56. Rd6 Rxc7+ 57. Kxc7 f3 58. Kc6 f2 59. Rd1 Kf4 60. Kc5 Ke3 61. Kb4 Ke2 62. Ra1 a5+ 63. Kxa5 f1=Q 64. Rxf1 Kxf1 1/2-1/2


[Site "https://www.chess.com"]

[Event "Titled Tuesday Blitz August 1 Late 2023"]
[White "Koutlas, Nikolaos"]
[Black "Zierk, Steven"]
[WhiteFideId "25827138"]
[BlackFideId "2034255"]
[WhiteElo "2495"]
[BlackElo "2830"]
[Result "0-1"]
[Round "3"]
[TimeControl "180+1"]
[Date "2023.08.01"]
[WhiteClock "0:00:38"]
[BlackClock "0:02:14"]
[Board "55"]

1. e4 e6 2. d4 d5 3. Nd2 c5 4. exd5 Qxd5 5. Ngf3 cxd4 6. Bc4 Qd7 7. Nb3 Nc6 8. O-O Nf6 9. Nbxd4 Nxd4 10. Nxd4 a6 11. Re1 Bc5 12. Be3 O-O 13. c3 b6 14. b4 Bd6 15. Nxe6 fxe6 16. Bf4 Bxf4 17. Bxe6+ Qxe6 18. Rxe6 Bxe6 19. Qf3 Nd5 20. Re1 Bxh2+ 21. Kxh2 Rxf3 22. gxf3 0-1


[Site "https://www.chess.com"]

[Event "Titled Tuesday Blitz August 1 Late 2023"]
[White "Nazari, Arad"]
[Black "MFatigue"]
[WhiteFideId "12577324"]
[WhiteElo "2769"]
[BlackElo "2494"]
[Result "1-0"]
[Round "3"]
[TimeControl "180+1"]
[Date "2023.08.01"]
[WhiteClock "0:00:24"]
[BlackClock "0:00:03"]
[Board "56"]

1. e4 e6 2. d4 d5 3. e5 c5 4. c3 Nc6 5. Nf3 Bd7 6. Be2 Nge7 7. Na3 Nf5 8. Nc2 cxd4 9. cxd4 Qb6 10. O-O Na5 11. Rb1 Bb5 12. Bd2 Bxe2 13. Qxe2 Nc4 14. b3 Nxd2 15. Qxd2 Be7 16. Ne3 Bb4 17. Qd3 Nxe3 18. fxe3 O-O-O 19. Ng5 f6 20. Nf7 f5 21. Rf2 Kb8 22. Nxh8 Rxh8 23. Rc2 a6 24. Rbc1 Ba3 25. Rb1 Bb4 26. Rf1 g6 27. Qe2 h6 28. h3 g5 29. Kh2 h5 30. Qf3 g4 31. Qf4 Qd8 32. Kg1 Qh4 33. Qf2 Qe7 34. Qf4 Qh4 35. e4 fxe4 36. Qf6 Qxf6 37. Rxf6 Re8 38. hxg4 hxg4 39. Rg6 Ba5 40. Rxg4 Bb6 41. Rd2 Kc7 42. Kf2 Rf8+ 43. Ke3 Rf1 44. Rc2+ Kd7 45. Rg7+ Kd8 46. Rxb7 Ba5 47. Rc6 Re1+ 48. Kf2 e3+ 49. Kf3 Bd2 50. Rxe6 Rf1+ 51. Ke2 Rf2+ 52. Kd3 Bc1 53. Rg6 Rd2+ 54. Kc3 Bb2+ 55. Kb4 Rxd4+ 56. Ka5 Kc8 57. Rf7 Bc3+ 58. Kxa6 Bb4 59. Rg8+ 1-0


[Site "https://www.chess.com"]

[Event "Titled Tuesday Blitz August 1 Late 2023"]
[White "Kushko, Dmitriy"]
[Black "Sivakumar, Shaaketh"]
[WhiteFideId "14162261"]
[BlackFideId "30940176"]
[WhiteElo "2768"]
[BlackElo "2490"]
[Result "1-0"]
[Round "3"]
[TimeControl "180+1"]
[Date "2023.08.01"]
[WhiteClock "0:00:13"]
[BlackClock "0:00:58"]
[Board "57"]

1. Nf3 Nf6 2. g3 b5 3. Na3 b4 4. Nc4 Bb7 5. a3 a5 6. Bg2 d5 7. Nce5 e6 8. O-O Bd6 9. axb4 axb4 10. Rxa8 Bxa8 11. d4 O-O 12. c4 dxc4 13. Nxc4 Be7 14. Bf4 Nbd7 15. Nfe5 Bxg2 16. Kxg2 Qa8+ 17. f3 Nxe5 18. Bxe5 Rc8 19. e4 c5 20. Nb6 Qc6 21. Nxc8 Qxc8 22. Qc2 Nd7 23. Bf4 c4 24. d5 exd5 25. exd5 Qc5 26. d6 Bf8 27. Rd1 Qc6 28. Qe4 Qa4 29. Rc1 Nb6 30. Qd4 Qb5 31. Be3 Nd5 32. Bf2 c3 33. bxc3 bxc3 34. d7 Qxd7 35. Rxc3 Qe6 36. Rd3 Ne7 37. Re3 Qg6 38. Qd8 Qf6 39. Re2 Nd5 40. Qxd5 1-0


[Site "https://www.chess.com"]

[Event "Titled Tuesday Blitz August 1 Late 2023"]
[White "Nanu, Costica-Ciprian"]
[Black "Fantastic_Power"]
[WhiteFideId "1204580"]
[WhiteElo "2488"]
[BlackElo "2765"]
[Result "1/2-1/2"]
[Round "3"]
[TimeControl "180+1"]
[Date "2023.08.01"]
[WhiteClock "0:00:16"]
[BlackClock "0:00:13"]
[Board "58"]

1. e4 c5 2. Nf3 Nc6 3. Nc3 g6 4. Bb5 Nd4 5. Nxd4 cxd4 6. Ne2 Bg7 7. O-O a6 8. Ba4 Nf6 9. Nxd4 Nxe4 10. Nf3 Nc5 11. c3 Nxa4 12. Qxa4 O-O 13. d4 b5 14. Qd1 Bb7 15. Bf4 d6 16. Re1 Bd5 17. Nd2 Qd7 18. Qe2 Rfe8 19. Bg3 Qb7 20. f3 e5 21. dxe5 dxe5 22. Ne4 Qc6 23. Bf2 Rad8 24. Nc5 Bf8 25. b4 e4 26. fxe4 Bxc5 27. Bxc5 Rxe4 28. Qf2 Rg4 29. Rad1 h5 30. g3 h4 31. Rd4 Rxd4 32. Bxd4 Re8 33. gxh4 Qd7 34. Rxe8+ Qxe8 35. Qe3 Qd7 36. Qh6 Qg4+ 37. Kf2 Qg2+ 38. Ke1 Qh1+ 39. Kd2 Qxh2+ 40. Ke1 Qg3+ 41. Kd2 Qg2+ 42. Ke1 Qg3+ 43. Kd2 f6 44. h5 Qg2+ 45. Ke1 Qh1+ 46. Kd2 Qh2+ 47. Ke1 Qg3+ 48. Kd2 Qg2+ 49. Ke1 Qh1+ 50. Kd2 Qxh5 51. Qxh5 gxh5 52. Bxf6 Bxa2 53. Bh4 Kf7 54. Ke3 Ke6 55. Kf4 Kd5 56. Kg5 Kc4 57. Be1 Kd3 58. Kxh5 Ke2 59. Bh4 Kd2 60. Bf6 Bf7+ 61. Kg5 Kd3 62. Kf4 Kc4 63. Bd4 Kb3 64. Ke5 Ka4 65. Kd6 a5 66. bxa5 Kxa5 67. Bc5 Bc4 68. Bb4+ Ka4 69. Kc5 Kb3 70. Kd4 1/2-1/2


[Site "https://www.chess.com"]

[Event "Titled Tuesday Blitz August 1 Late 2023"]
[White "Mekhitarian, Krikor Sevag"]
[Black "Molenda, Marcin"]
[WhiteFideId "2107660"]
[BlackFideId "1173065"]
[WhiteElo "2760"]
[BlackElo "2488"]
[Result "1-0"]
[Round "3"]
[TimeControl "180+1"]
[Date "2023.08.01"]
[WhiteClock "0:01:41"]
[BlackClock "0:00:22"]
[Board "59"]

1. Nf3 d5 2. c4 e6 3. d4 Nf6 4. cxd5 exd5 5. Nc3 c6 6. Bf4 Nbd7 7. e3 Be7 8. h3 O-O 9. Bd3 Re8 10. Qc2 Nf8 11. O-O-O a5 12. g4 b5 13. Ne5 Qb6 14. Kb1 a4 15. h4 N6d7 16. g5 Nxe5 17. Bxe5 Bg4 18. Rdg1 Bh5 19. f4 Qa5 20. Ne2 Bxe2 21. Qxe2 c5 22. h5 c4 23. Bf5 a3 24. g6 fxg6 25. hxg6 hxg6 26. Qh2 axb2 27. Qh8+ Kf7 28. Qxg7# 1-0


[Site "https://www.chess.com"]

[Event "Titled Tuesday Blitz August 1 Late 2023"]
[White "Matinian, Nikita"]
[Black "Willy, Stephen"]
[WhiteFideId "24129100"]
[BlackFideId "30981468"]
[WhiteElo "2726"]
[BlackElo "2485"]
[Result "1-0"]
[Round "3"]
[TimeControl "180+1"]
[Date "2023.08.01"]
[WhiteClock "0:01:41"]
[BlackClock "0:00:20"]
[Board "60"]

1. e4 c5 2. Nf3 a6 3. c3 g6 4. d4 cxd4 5. cxd4 d5 6. e5 Bg4 7. Nbd2 Nc6 8. h3 Bd7 9. Bd3 Nb4 10. Bb1 Bb5 11. Nb3 e6 12. a3 Nc6 13. Bg5 Be7 14. Bxe7 Ngxe7 15. Nc5 Qa5+ 16. Qd2 Qxd2+ 17. Kxd2 Na5 18. a4 Bc6 19. Bd3 b6 20. Nxa6 Nb3+ 21. Kc3 Nxa1 22. Nc7+ Kd7 23. Nxa8 Rxa8 24. Rxa1 Rxa4 25. Rxa4 Bxa4 26. Ng5 Ke8 27. Nxh7 Bc6 28. Nf6+ Kf8 29. g4 Kg7 30. f4 Ng8 31. Nxg8 Kxg8 32. h4 Kg7 33. Kb4 Kg8 34. f5 Kg7 35. fxe6 fxe6 36. Bb5 Bb7 37. Bd7 1-0


[Site "https://www.chess.com"]

[Event "Titled Tuesday Blitz August 1 Late 2023"]
[White "Delorme, Axel"]
[Black "Alex_Sahakyan2006"]
[WhiteFideId "632023"]
[WhiteElo "2482"]
[BlackElo "2721"]
[Result "0-1"]
[Round "3"]
[TimeControl "180+1"]
[Date "2023.08.01"]
[WhiteClock "0:00:02"]
[BlackClock "0:00:07"]
[Board "61"]

1. e4 e6 2. d4 d5 3. Nc3 Nc6 4. e5 f6 5. Nf3 Nge7 6. exf6 gxf6 7. Bd3 a6 8. Bf4 Ng6 9. Bg3 Bd6 10. Qe2 Nb4 11. O-O-O Nxd3+ 12. Rxd3 Nf4 13. Bxf4 Bxf4+ 14. Kb1 Kf8 15. g3 Bd6 16. Re1 Rg8 17. Re3 Qd7 18. h4 Qf7 19. Na4 b6 20. c4 dxc4 21. Qxc4 Bb7 22. Nc3 b5 23. Qxe6 Qxe6 24. Rxe6 Kf7 25. R6e3 Rae8 26. Ne4 Bb4 27. Ned2 Bxf3 28. Rxe8 Rxe8 29. Rxe8 Bxd2 30. Rc8 Be4+ 31. Ka1 c6 32. Rc7+ Kg6 33. a3 Bd5 34. Re7 a5 35. Kb1 a4 36. Kc2 Bh6 37. Kc3 Bf8 38. Rc7 f5 39. Kd3 Bg7 40. Kc3 Bf6 41. Kd3 Be4+ 42. Kc3 f4 43. gxf4 Bxh4 44. Kb4 Bf6 45. Kc5 h5 46. Rxc6 Bxc6 47. Kxc6 Bxd4 48. Kxb5 Bxb2 49. Kxa4 h4 0-1


[Site "https://www.chess.com"]

[Event "Titled Tuesday Blitz August 1 Late 2023"]
[White "Jaracz, Pawel"]
[Black "Peycheva, Gergana"]
[WhiteFideId "1102222"]
[BlackFideId "2916711"]
[WhiteElo "2707"]
[BlackElo "2482"]
[Result "1-0"]
[Round "3"]
[TimeControl "180+1"]
[Date "2023.08.01"]
[WhiteClock "0:01:31"]
[BlackClock "0:00:02"]
[Board "62"]

1. d4 d5 2. c4 dxc4 3. e4 e5 4. Nf3 exd4 5. Bxc4 Nc6 6. O-O Bc5 7. Nbd2 Nf6 8. e5 Nd5 9. Ne4 Bb6 10. Re1 O-O 11. Bg5 Qd7 12. Qc1 Na5 13. Bxd5 Qxd5 14. Nf6+ gxf6 15. Bxf6 Rd8 16. Qh6 1-0


[Site "https://www.chess.com"]

[Event "Titled Tuesday Blitz August 1 Late 2023"]
[White "Salazar Farias, Luis German"]
[Black "Krishna C R G"]
[WhiteFideId "3902170"]
[BlackFideId "5018625"]
[WhiteElo "2482"]
[BlackElo "2706"]
[Result "0-1"]
[Round "3"]
[TimeControl "180+1"]
[Date "2023.08.01"]
[WhiteClock "0:00:00"]
[BlackClock "0:01:10"]
[Board "63"]

1. d4 f5 2. Bf4 Nf6 3. e3 d6 4. Nc3 g6 5. h4 Bg7 6. h5 Nxh5 7. Rxh5 gxh5 8. Qxh5+ Kf8 9. Bh6 Rg8 10. Bc4 e6 11. Nf3 Qf6 12. Bf4 Qg6 13. Qh3 Nc6 14. Nb5 Qf7 15. Ng5 Qe7 16. Nxh7+ Ke8 17. Qh5+ Kd7 18. Ng5 Nd8 19. O-O-O a6 20. Nc3 b5 21. Bb3 Bb7 22. d5 e5 23. Bg3 b4 24. Ne2 a5 25. Bh4 Bf6 26. Nh7 Bxh4 27. Qxf5+ Ke8 28. Rh1 Bc8 29. Qh5+ Nf7 30. Rxh4 Bd7 31. Ng3 Kd8 32. Ne4 Kc8 0-1


[Site "https://www.chess.com"]

[Event "Titled Tuesday Blitz August 1 Late 2023"]
[White "Papasimakopoulos, Alexandros"]
[Black "Sanhueza, Cristian"]
[WhiteFideId "4244125"]
[BlackFideId "116815"]
[WhiteElo "2697"]
[BlackElo "2480"]
[Result "1/2-1/2"]
[Round "3"]
[TimeControl "180+1"]
[Date "2023.08.01"]
[WhiteClock "0:00:20"]
[BlackClock "0:00:03"]
[Board "64"]

1. d4 Nf6 2. c4 g6 3. Nc3 d5 4. Bg5 Ne4 5. Bf4 c6 6. e3 Bg7 7. cxd5 cxd5 8. Nxe4 dxe4 9. Ne2 O-O 10. Nc3 Qb6 11. Qd2 Rd8 12. Rc1 e5 13. Bg5 f6 14. Nd5 Rxd5 15. Rxc8+ Rd8 16. Bc4+ Kh8 17. Rxd8+ Qxd8 18. Bh4 exd4 19. exd4 Nc6 20. d5 Ne5 21. Be2 Qd6 22. O-O Rd8 23. Rd1 a6 24. Bg3 f5 25. h4 h5 26. Qg5 Kh7 27. Bxh5 gxh5 28. Qxh5+ Kg8 29. Qxf5 Qg6 30. Qxg6 Nxg6 31. h5 Ne7 32. d6 Nf5 33. Bf4 Kf7 34. g4 Nd4 35. Kg2 Ke6 36. Re1 Kd5 37. g5 Be5 38. Be3 Nf3 39. Rd1+ Ke6 40. d7 Rxd7 41. Rxd7 Kxd7 42. Kh3 Ke6 43. Kg4 Nh2+ 44. Kh4 Kf5 45. g6 Nf3+ 46. Kh3 Ng1+ 47. Kg2 Nf3 48. b3 b5 49. a4 bxa4 50. bxa4 Nh4+ 51. Kh3 Nxg6 52. hxg6 Kxg6 53. Kg4 Kf6 54. Bf4 Bd4 55. Be3 Be5 56. Bb6 Kg6 57. Bd8 Bd6 58. Bh4 Be5 59. Bg3 Kf6 60. Bf4 Bd4 61. Be3 Be5 1/2-1/2


[Site "https://www.chess.com"]

[Event "Titled Tuesday Blitz August 1 Late 2023"]
[White "Toncheva, Nadya"]
[Black "nickVet"]
[WhiteFideId "2924056"]
[WhiteElo "2479"]
[BlackElo "2694"]
[Result "0-1"]
[Round "3"]
[TimeControl "180+1"]
[Date "2023.08.01"]
[WhiteClock "0:00:03"]
[BlackClock "0:00:10"]
[Board "65"]

1. e4 e6 2. d4 d5 3. Nd2 c5 4. exd5 Qxd5 5. Ngf3 cxd4 6. Bc4 Qd7 7. O-O Nc6 8. Nb3 Nf6 9. Nbxd4 Nxd4 10. Qxd4 Qxd4 11. Nxd4 a6 12. Bf4 Bc5 13. Nb3 Be7 14. a4 Bd7 15. a5 O-O-O 16. Be2 Nd5 17. Be5 f6 18. Bg3 e5 19. Bf3 Bc6 20. c3 Rhe8 21. Rfd1 Bf8 22. Nd2 f5 23. Bh4 Rd7 24. Nc4 e4 25. Bh5 g6 26. Be2 h6 27. Rxd5 Rxd5 28. Nb6+ Kc7 29. Nxd5+ Bxd5 30. Rd1 Kc6 31. Bf6 Re6 32. Bh8 Bb3 33. Rd8 Be7 34. Rc8+ Kd7 35. Ra8 Rd6 36. Bd4 Bd8 37. Ra7 Kc6 38. Bxa6 bxa6 39. Rxa6+ Kd5 40. Rxd6+ Kxd6 41. a6 Kc6 42. a7 Kb7 43. Kf1 Bd5 44. Ke2 Bb6 45. Ke3 Bxa7 46. Bxa7 Kxa7 47. g3 Kb6 48. Kd4 Bb7 49. c4 Kc6 50. b4 Kd6 51. h4 g5 52. hxg5 hxg5 53. c5+ Kc6 54. Ke5 Bc8 55. g4 f4 56. Kxe4 Bxg4 57. Ke5 Bc8 58. Ke4 Kb5 59. f3 0-1


[Site "https://www.chess.com"]

[Event "Titled Tuesday Blitz August 1 Late 2023"]
[White "Garcia de Dios, Jose Antonio"]
[Black "Kuzmicz, Krystian"]
[WhiteFideId "5128919"]
[BlackFideId "1119125"]
[WhiteElo "2478"]
[BlackElo "2683"]
[Result "0-1"]
[Round "3"]
[TimeControl "180+1"]
[Date "2023.08.01"]
[WhiteClock "0:00:38"]
[BlackClock "0:01:36"]
[Board "66"]

1. d4 g6 2. Nf3 Bg7 3. c4 c5 4. d5 d6 5. e4 e6 6. h3 Ne7 7. Be2 O-O 8. O-O h6 9. Nc3 a6 10. a4 exd5 11. cxd5 g5 12. Re1 Ng6 13. Nd2 Nd7 14. a5 Nde5 15. Bf1 f5 16. exf5 Bxf5 17. Na4 Qf6 18. f3 Rae8 19. Ne4 Bxe4 20. Rxe4 Nxf3+ 21. Qxf3 Rxe4 22. Qxf6 Bxf6 23. Bd2 Bd4+ 24. Kh1 Rf2 25. Be1 Rxf1+ 0-1


[Site "https://www.chess.com"]

[Event "Titled Tuesday Blitz August 1 Late 2023"]
[White "Dimitrov, Atanas"]
[Black "Ocido, Michael"]
[WhiteFideId "2901315"]
[BlackFideId "115201920"]
[WhiteElo "2672"]
[BlackElo "2477"]
[Result "0-1"]
[Round "3"]
[TimeControl "180+1"]
[Date "2023.08.01"]
[WhiteClock "0:00:00"]
[BlackClock "0:00:18"]
[Board "67"]

1. Nf3 d5 2. e3 c5 3. b3 Nc6 4. Bb2 f6 5. d4 Bg4 6. Be2 cxd4 7. exd4 e6 8. O-O Bd6 9. c4 Nge7 10. Nc3 O-O 11. h3 Bh5 12. Re1 Bf7 13. Bf1 Rc8 14. Rc1 a6 15. a3 Bb8 16. c5 e5 17. dxe5 fxe5 18. b4 e4 19. Nd4 Nxd4 20. Qxd4 Nf5 21. Qd2 Qc7 22. g3 e3 23. fxe3 Qxg3+ 24. Qg2 Nh4 25. Qxg3 Bxg3 26. Red1 Bh5 27. Nxd5 Rf2 28. Ne7+ Kf7 29. Bc4+ Kxe7 30. Bd5 Bf3 31. Rf1 Rxf1+ 32. Rxf1 Bxd5 33. Rd1 Rf8 34. Rxd5 Rf2 0-1


[Site "https://www.chess.com"]

[Event "Titled Tuesday Blitz August 1 Late 2023"]
[White "Morefield, Jason"]
[Black "Tifferet, Shaked"]
[WhiteFideId "30920825"]
[BlackFideId "2811529"]
[WhiteElo "2672"]
[BlackElo "2477"]
[Result "1-0"]
[Round "3"]
[TimeControl "180+1"]
[Date "2023.08.01"]
[WhiteClock "0:00:09"]
[BlackClock "0:00:00"]
[Board "68"]

1. e4 c5 2. Nf3 e6 3. d4 cxd4 4. Nxd4 Nc6 5. Nc3 a6 6. a3 Nxd4 7. Qxd4 Ne7 8. Bf4 Nc6 9. Qd2 d6 10. O-O-O e5 11. Be3 Be6 12. f4 exf4 13. Bxf4 Ne5 14. Nd5 Bxd5 15. Qxd5 Qc7 16. Bxe5 dxe5 17. Bc4 Bc5 18. Rhf1 O-O 19. Qd3 g6 20. g4 Rac8 21. Bb3 Bd4 22. Kb1 Qb6 23. g5 Qd8 24. c3 Bc5 25. Qxd8 Rcxd8 26. Rxd8 Rxd8 27. Rxf7 Kh8 28. Rxb7 Be3 29. Bd5 Bxg5 30. c4 Be3 31. b4 Rf8 32. c5 Rf1+ 33. Kc2 Ra1 34. c6 Rc1+ 35. Kb3 Bd4 36. c7 Rc3+ 37. Ka4 Kg7 38. c8=Q+ Kh6 39. Qf8+ Kg5 40. Rxh7 Re3 41. Be6 1-0


[Site "https://www.chess.com"]

[Event "Titled Tuesday Blitz August 1 Late 2023"]
[White "Senthilkumar, Pranav"]
[Black "Rosen, Eric"]
[WhiteFideId "2083477"]
[BlackFideId "2032562"]
[WhiteElo "2474"]
[BlackElo "2672"]
[Result "0-1"]
[Round "3"]
[TimeControl "180+1"]
[Date "2023.08.01"]
[WhiteClock "0:00:21"]
[BlackClock "0:00:50"]
[Board "69"]

1. Nf3 d5 2. d4 Nf6 3. c4 e6 4. h3 Nbd7 5. Nc3 c6 6. Ne5 Bb4 7. cxd5 Nxd5 8. Bd2 Nxe5 9. dxe5 Qc7 10. Nxd5 Bxd2+ 11. Qxd2 exd5 12. Qc3 O-O 13. O-O-O Re8 14. f4 Bf5 15. e3 Qb6 16. Be2 a5 17. Bf3 f6 18. g4 Bd7 19. exf6 Qxe3+ 20. Qxe3 Rxe3 21. Bg2 gxf6 22. Rd2 Rae8 23. Kc2 Rg3 24. b3 Ree3 25. Rf1 Be8 26. Rff2 Bg6+ 27. f5 Bf7 28. Rf4 Kg7 29. Kb2 Kh6 30. h4 Kg7 31. Kc2 h5 32. gxh5 Bxh5 33. b4 a4 34. b5 Rc3+ 35. Kb2 a3+ 36. Kb1 Rc5 37. Rb4 Rgc3 38. Rd1 Bxd1 0-1


[Site "https://www.chess.com"]